 Dungeon Crawl Stone Soup version 0.17.2-1-ge4368a0 (webtiles) character file.

128 Goblin1989 the Insei (level 4, 21/35 HPs)
             Began as a Demonspawn Monk on Aug 30, 2016.
             Quit the game on level 4 of the Dungeon.
             The game lasted 00:05:12 (2022 turns).

Goblin1989 the Insei (Demonspawn Monk)              Turns: 2022, Time: 00:05:12

Health: 21/35      AC: 10    Str: 12    XL:     4   Next: 86%
Magic:  4/4        EV:  9    Int: 12    God:
Gold:   61         SH:  0    Dex: 15    Spells: 0 memorised, 3 levels left

rFire  . . .     SeeInvis .       - Unarmed
rCold  . . .     Clarity  .     o - +3 scale mail {rPois}
rNeg   . . .     SustAt   .     (no shield)
rPois  +         Gourm    .     (no helmet)
rElec  .         Spirit   .     (no cloak)
rCorr  .         Warding  .     (no gloves)
rMut   .         Stasis   .     (no boots)
MR     +....                    (no amulet)
Stlth  ..........               f - ring of protection from magic
                                a - ring of poison resistance (curse)

@: somewhat resistant to hostile enchantments, extremely unstealthy
A: hooves 1, molten scales 1
a: no special abilities


You were on level 4 of the Dungeon.
You were not hungry.

You visited 1 branch of the dungeon, and saw 4 of its levels.

You collected 61 gold pieces.

Inventory:

Armour
 o - a +3 scale mail of poison resistance (worn)
 r - a +0 cloak
Jewellery
 a - a cursed ring of poison resistance (left hand)
 f - a ring of protection from magic (right hand)
 i - an uncursed ring of protection from fire
 s - an uncursed ring of flight {unknown}
 t - an uncursed amulet of regeneration {unknown}
Scrolls
 c - 2 scrolls of random uselessness {unknown}
 e - 2 scrolls of remove curse {unknown}
 j - a scroll of magic mapping {unknown}
 k - a scroll of blinking {unknown}
 l - 6 scrolls of identify {unknown}
 m - a scroll of noise {unknown}
 q - a scroll of recharging {unknown}
Potions
 d - a potion of lignification {unknown}
 g - a potion of ambrosia {unknown}
 h - 3 potions of poison {unknown}
 n - a potion of heal wounds {unknown}
 p - a potion of cancellation {unknown}
Comestibles
 b - 4 bread rations


   Skills:
 - Level 3.0 Fighting
 - Level 2.6 Dodging
 - Level 1.7 Stealth
 + Level 5.7 Unarmed Combat


You had 3 spell levels left.
You didn't know any spells.

Dungeon Overview and Level Annotations

Branches:
Dungeon (4/15)
 Temple: D:4-7

Altars:
Nemelex Xobeh

Annotations:
D:3 Goblin1989's ghost, amateur DsMo


Innate Abilities, Weirdness & Mutations

You have large cloven feet.
You are partially covered in molten scales (AC +1).


Message History

You hit the iguana but do no damage. The iguana closely misses you.
You hit the iguana. You kick the iguana, but do no damage.
The iguana is moderately wounded.
The iguana bites you!
You take 10 damage, and have 20/35 hp.
MASSIVE DAMAGE!!
You hit the iguana. You kick the iguana, but do no damage.
The iguana is heavily wounded.
The iguana bites you but does no damage.
You hit the iguana but do no damage. You kick the iguana, but do no damage.
The iguana is heavily wounded.
The iguana barely misses you.
Unknown command.
You hit the iguana. Your kick misses the iguana.
The iguana is severely wounded.
The iguana bites you but does no damage.
You hit the iguana.
You kill the iguana!
Unknown command.
Are you sure you want to abandon this character and quit the game? (Confirm with "yes".)

...#
#...
... ..#
##..
##..#
#...#
#.@#
#...#
#..##
....
.....
#......
.......
..$....


There were no monsters in sight!

Vanquished Creatures
  Crazy Yiuf (D:2)
  Terence (D:2)
  An iguana (D:4)
  An adder (D:2)
  A worm (D:3)
  A giant gecko (D:2)
  A giant cockroach (D:1)
  8 hobgoblins
  A ball python (D:2)
  4 bats
  3 giant newts (D:1)
  3 goblins (D:1)
  4 jackals
  8 kobolds
  3 rats
41 creatures vanquished.

Notes
Turn   | Place    | Note
--------------------------------------------------------------
     0 | D:1      | Goblin1989 the Demonspawn Monk began the quest for the Orb.
     0 | D:1      | Reached XP level 1. HP: 18/18 MP: 1/1
   277 | D:1      | Reached skill level 4 in Unarmed Combat
   404 | D:1      | Gained mutation: You are partially covered in molten scales (AC +1). [demonic ancestry]
   404 | D:1      | Reached XP level 2. HP: 20/24 MP: 2/2
  1059 | D:2      | Gained mutation: You have large cloven feet. [demonic ancestry]
  1059 | D:2      | Reached XP level 3. HP: 29/29 MP: 3/3
  1215 | D:2      | Noticed Terence
  1240 | D:2      | Killed Terence
  1240 | D:2      | Reached skill level 5 in Unarmed Combat
  1561 | D:2      | Noticed Crazy Yiuf
  1573 | D:2      | Killed Crazy Yiuf
  1573 | D:2      | Reached XP level 4. HP: 25/35 MP: 2/4
  1746 | D:3      | Found a sparkling altar of Nemelex Xobeh.
  1994 | D:3      | Noticed Goblin1989's ghost (amateur DsMo)
  2022 | D:4      | Quit the game

Action                   |  1- 3 |  4- 6 || total
-------------------------+-------+-------++-------
Melee: Unarmed           |   150 |    40 ||   190
 Stab: Sleeping          |     5 |       ||     5
  Eat: Meat ration       |     1 |       ||     1
